 Dungeon Crawl Stone Soup version 0.20-a0-920-gb18bc0f (webtiles) character file.

1405 HeyBub the Slasher (level 8, -5/61 HPs)
             Began as a Demonspawn Abyssal Knight on Mar 25, 2017.
             Was a Priest of Lugonu.
             Shot with a sling bullet by Joseph (8 damage)
             ... on level 7 of the Dungeon.
             The game lasted 00:15:11 (5713 turns).

HeyBub the Slasher (Demonspawn Abyssal Knight)      Turns: 5713, Time: 00:15:12

Health: -5/61      AC: 11    Str: 13    XL:     8   Next: 42%
Magic:  11/11      EV: 11    Int: 14    God:    Lugonu [***...]
Gold:   254        SH:  0    Dex: 14    Spells: 10/11 levels left

rFire    . . .     SeeInvis .   a - +1 falchion
rCold    . . .     Gourm    .   (no shield)
rNeg     . . .     Faith    .   e - +0 scale mail {rPois}
rPois    +         Spirit   .   (helmet restricted)
rElec    .         Reflect  .   m - +1 cloak
rCorr    .         Harm     .   (no gloves)
MR       .....                  (no boots)
Stlth    ..........             (no amulet)
Regen    0.2/turn               t - +3 ring of protection
MPRegen  0.2/turn               (no ring)

@: flying, heavily drained
A: antennae 1, repulsion field 1, demonic guardian 1, powered by pain 1
a: Depart the Abyss, Bend Space, Banish, Renounce Religion


You were on level 7 of the Dungeon.
You worshipped Lugonu.
Lugonu was most pleased with you.
You were not hungry.

You visited 1 branch of the dungeon, and saw 7 of its levels.
You visited the Abyss 1 time.
You also visited: Sewer.

You collected 254 gold pieces.

Inventory:

Hand Weapons
 a - a +1 falchion (weapon)
Missiles
 d - 3 javelins
 l - a tomahawk (quivered)
Armour
 e - a +0 scale mail of poison resistance (worn)
 m - a +1 cloak (worn)
Jewellery
 t - a +3 ring of protection (left hand)
Wands
 r - a wand of flame (19/48)
 u - a wand of enslavement (16/24)
Scrolls
 b - a scroll of fear {unknown}
 f - 4 scrolls of identify
 i - a scroll of recharging {unknown}
 k - 6 scrolls of teleportation
 n - a scroll of amnesia {unknown}
 q - 2 scrolls of enchant weapon {unknown}
 v - a scroll of immolation {unknown}
 w - a scroll of magic mapping {unknown}
 y - a scroll of fog {unknown}
Potions
 g - a potion of brilliance
 p - 3 potions of magic
Books
 j - a book of Maledictions

   Spells                             Type                      Level
   a - Corona                         Hexes                        1
   b - Ensorcelled Hibernation        Hexes/Ice                    2
   c - Confuse                        Hexes                        3
   d - Tukima's Dance                 Hexes                        3
   e - Dazzling Spray                 Conjuration/Hexes            3
 z - a book of Air

   Spells                             Type                      Level
   a - Shock                          Conjuration/Air              1
   b - Swiftness                      Charms/Air                   2
   c - Static Discharge               Conjuration/Air              3
   d - Airstrike                      Air                          4
   e - Lightning Bolt                 Conjuration/Air              5
Comestibles
 c - a bread ration
 h - 3 fruits
 o - 3 royal jellies
 x - 2 meat rations


   Skills:
 + Level 4.5(3.1) Fighting
 + Level 5.1(3.7) Long Blades
 + Level 2.4(1.0) Throwing
 + Level 4.3(2.9) Armour
 + Level 3.1(1.7) Dodging
 + Level 0.6(0.0) Stealth
 + Level 2.0(0.6) Spellcasting
 * Level 4.0(2.5) Hexes
 + Level 2.5(1.1) Invocations


You had 10 spell levels left.
You knew the following spells:

 Your Spells              Type           Power        Failure   Level  Hunger
a - Corona                Hex            #......      47%         1    ##.....


Dungeon Overview and Level Annotations

Branches:
Dungeon (7/15)             Temple (0/1) D:6

Altars:
Dithmenos
Elyvilon
Kikubaaqudgha
Makhleb
Vehumet

Annotations:
D:7 Joseph


Innate Abilities, Weirdness & Mutations

You have a pair of small antennae on your head.
You are surrounded by a mild repulsion field. (EV +2)
A weak demonic guardian rushes to your aid.
You sometimes gain a little power by taking damage.


Message History

Your shadow imp misses Joseph.
Joseph drinks a potion.
Joseph suddenly seems more resistant.
Your shadow imp closely misses Joseph.
Joseph unwields an uncursed quarterstaff of draining.
Joseph wields an uncursed hunting sling.
Joseph shoots a sling bullet.
The sling bullet completely misses you.
Found a meat ration.
You see here a green potion.
s - a green potion Your shadow imp closely misses Joseph.
Joseph shoots a sling bullet.
The sling bullet hits your ufetubus!
Your ufetubus dies!
It was a potion of flight.
You feel very buoyant.
You fly up into the air.
Your shadow imp hits Joseph but does no damage.
Joseph zaps a wand.
The bolt of lightning misses you.
Your shadow imp hits Joseph but does no damage.
Joseph shoots a sling bullet.
The sling bullet hits you!
You die...

#.. ##.# #..##### #
##......##..
##...........
#.(..<....... #(
#............ #..
##....@.(..... #..
#@(.....(..... #...
#5#...........
#...###.#...........
#.....†.##..........
#...#..####......#..
.####...#..##.....##.#
# ....####..........#
%# ...................


You could see Joseph and a friendly shadow imp.

Vanquished Creatures
  A black bear (D:6)
  2 sky beasts
  An ice beast (D:6)
  An ogre (D:6)
  A bullfrog (D:6)
  2 crimson imps
  A quasit (D:5)
  4 hounds
  A jelly (D:6)
  An orc priest (D:4)
  9 worker ants
  An orc wizard (D:4)
  A hound skeleton (D:7)
  3 gnolls (D:4)
  8 adders
  2 river rats (Sewer)
  An ooze (D:4)
  4 worms
  A dart slug (D:2)
  2 leopard geckos (D:3)
  8 orcs
  11 bats
  8 giant cockroaches
  7 goblins
  3 hobgoblins
  2 jackals (D:6)
  5 quokkas
  3 ball pythons (Sewer)
  9 frilled lizards
  7 kobolds
  15 rats
125 creatures vanquished.

Vanquished Creatures (collateral kills)
  A sky beast (D:6)
  An ogre (D:5)
  A centaur (D:6)
  A bullfrog (D:6)
  An orc priest (D:5)
  2 jackals (D:6)
  A quokka (D:7)
8 creatures vanquished.

Grand Total: 133 creatures vanquished

Notes
Turn   | Place    | Note
-------+----------+-------------------------------------------
     0 | Abyss:1  | HeyBub the Demonspawn Abyssal Knight began the quest for the Orb.
     0 | Abyss:1  | Reached XP level 1. HP: 18/18 MP: 2/2
    57 | Abyss:1  | Found a corrupted altar of Lugonu.
    98 | Abyss:1  | Noticed a quasit
    99 | D:1      | Escaped the Abyss
   333 | D:1      | Reached * piety under Lugonu
   333 | D:1      | Gained mutation: You sometimes gain a little power by taking damage. [demonic ancestry]
   333 | D:1      | Reached XP level 2. HP: 21/24 MP: 3/3
   748 | D:2      | Learned a level 1 spell: Corona
   787 | D:2      | Reached skill level 2 in Long Blades
   787 | D:2      | Reached skill level 1 in Dodging
   842 | D:2      | Gained mutation: You have a pair of small antennae on your head. [demonic ancestry]
   842 | D:2      | Reached XP level 3. HP: 5/30 MP: 1/4
  1519 | D:2      | Found a white marble altar of Elyvilon.
  1522 | D:2      | Reached skill level 1 in Hexes
  1759 | D:3      | Reached XP level 4. HP: 37/37 MP: 5/5
  1777 | D:3      | Found a glowing drain.
  1796 | Sewer    | Entered a sewer
  1877 | Sewer    | Reached ** piety under Lugonu
  2394 | D:3      | Reached skill level 3 in Long Blades
  2436 | D:3      | Reached XP level 5. HP: 37/42 MP: 3/6
  3365 | D:4      | Gained mutation: A weak demonic guardian rushes to your aid. [demonic ancestry]
  3365 | D:4      | Reached XP level 6. HP: 48/48 MP: 7/7
  3370 | D:4      | Found a shadowy altar of Dithmenos.
  3452 | D:4      | Reached skill level 1 in Spellcasting
  3991 | D:4      | Reached *** piety under Lugonu
  4064 | D:5      | Entered Level 5 of the Dungeon
  4067 | D:5      | Noticed a sky beast
  4080 | D:5      | Killed a sky beast
  4080 | D:5      | Reached skill level 4 in Long Blades
  4145 | D:5      | Reached XP level 7. HP: 22/55 MP: 6/8
  4964 | D:6      | Reached skill level 1 in Throwing
  5120 | D:6      | Gained mutation: You are surrounded by a mild repulsion field. (EV +2) [demonic ancestry]
  5120 | D:6      | Reached XP level 8. HP: 60/61 MP: 10/10
  5351 | D:6      | Found a staircase to the Ecumenical Temple.
  5369 | D:6      | Reached skill level 5 in Long Blades
  5555 | D:6      | Found a radiant altar of Vehumet.
  5555 | D:6      | Found a burning altar of Makhleb.
  5560 | D:6      | Found a faded altar of an unknown god.
  5562 | D:6      | Found an ancient bone altar of Kikubaaqudgha.
  5563 | D:6      | Found a faded altar of an unknown god.
  5683 | D:7      | Noticed Joseph
  5707 | D:7      | HP: 3/61 [Joseph/uncursed quarterstaff of draining (4)]
  5713 | D:7      | Shot with a sling bullet by Joseph

Vault maps used:
D:1:      lemuel_arrival_rhombus
D:2:      old_standard_altar, first_bread
D:3:      portal_sewer_entry_f
D:4:      nicolae_dithmenos_the_darkroom
D:6:      chequers_temple_overflow_minitemple, minmay_temple_entry_glass,
          supply_closet_lemuel
D:7:      kennysheep_mini_moat, lemuel_doored_altar, uniq_joseph
Sewer:    sewer_co_cracked_pipes

Skill      XL: |  1  2  3  4  5  6  7  8 |
---------------+-------------------------+-----
Long Blades    | 2 3 4 5 |  5.1
Dodging        | 1 2 3 |  3.1
Armour         | 2 3 4 |  4.3
Hexes          | 1 2 3 4 |  4.0
Fighting       | 4 |  4.5
Spellcasting   | 1 2 |  2.0
Throwing       | 1 2 |  2.4
Stealth        | |  0.6
Invocations    | |  2.5

Action                   |  1- 3 |  4- 6 |  7- 9 || total
-------------------------+-------+-------+-------++-------
Melee: Falchion          |   133 |   295 |   190 ||   618
Throw: Tomahawk          |       |     5 |    71 ||    76
 Cast: Corona            |       |     6 |     9 ||    15
Invok: Depart the Abyss  |     1 |       |       ||     1
       Bend Space        |       |       |     2 ||     2
  Use: Scroll            |     1 |     2 |       ||     3
       Potion            |       |     9 |     4 ||    13
  Eat: Chunk             |     4 |     9 |       ||    13
       Bread ration      |       |       |     2 ||     2
Armor: Scale mail        |    82 |   178 |   104 ||   364
Dodge: Dodged            |    79 |   137 |   123 ||   339
       Rpst.: Falchion   |    29 |    45 |    32 ||   106
